 Dungeon Crawl Stone Soup version 0.29-a0-468-ge57f7f99b4 (webtiles) character file.

Game seed: 3023302756384525404

6 pokeman the Magician (level 1, -1/9 (10) HPs)
             Began as a Deep Elf Hedge Wizard on May 21, 2022.
             Slain by a spectral hobgoblin (3 damage)
             ... on level 1 of the Dungeon.
             The game lasted 00:00:23 (313 turns).

pokeman the Magician (Deep Elf Hedge Wizard)         Turns: 313, Time: 00:00:24

HP:   -1/9 (10)     AC:  2    Str:  7    XL:     1   Next: 75%
MP:   1/8           EV: 12    Int: 18    God:
Gold: 28            SH:  0    Dex: 14    Spells: 8/9 levels left

rFire   . . .      SeeInvis .   a - +0 dagger
rCold   . . .      Faith    .   (no shield)
rNeg    . . .      Spirit   .   b - +0 robe
rPois   .          Reflect  .   c - +0 hat
rElec   .          Harm     .   (no cloak)
rCorr   .          Rampage  .   (no gloves)
Will    .....                   (no boots)
Stlth   +.........              (no amulet)
HPRegen 0.03/turn               (no ring)
MPRegen 0.11/turn               (no ring)

@: heavily drained, very slow
A: no striking features
a: no special abilities


You were on level 1 of the Dungeon.
You visited 1 branch of the dungeon, and saw 1 of its levels.

You collected 28 gold pieces.

Inventory:

Hand Weapons
 a - a +0 dagger (weapon)
Armour
 b - a +0 robe (worn)
 c - a +0 hat (worn)
Jewellery
 e - an amulet of faith
Scrolls
 g - a scroll of identify {unknown}
Potions
 d - a potion of magic
 f - a potion of flight {unknown}
 h - a potion of haste {unknown}


   Skills:
 + Level 0.2 Fighting
 + Level 0.2 Armour
 - Level 2.4 Dodging
 - Level 2.4 Stealth
 * Level 4.6 Spellcasting
 + Level 1.3 Conjurations
 - Level 1.1 Summonings
 - Level 1.1 Translocations


You had 8 spell levels left.
You knew the following spells:

 Your Spells              Type           Power      Damage    Failure   Level
a - Magic Dart            Conj           32%        1d4       9%          1

Your spell library contained the following spells:

 Spells                   Type           Power      Damage    Failure   Level
 Blink                    Tloc           16%        N/A       13%         2
 Call Imp                 Summ           8%         N/A       13%         2
 Slow                     Hex            16%        N/A       14%         1
 Conjure Flame            Conj/Fire      6%         6-21      32%         3
 Mephitic Cloud           Conj/Pois/Air  5%         N/A       34%         3


Dungeon Overview and Level Annotations

Branches:
Dungeon (1/15)

Altars:


Message History

Aiming: Magic Dart (safe; 9% risk of failure)
Press: ? - help, Shift-Dir - straight line, f/p - spectral hobgoblin
Aim: a spectral hobgoblin (heavily damaged, 100% to hit)
The magic dart hits the spectral hobgoblin but does no damage.
The spectral hobgoblin is heavily damaged.
The spectral hobgoblin hits you.
You feel drained.
Casting: Magic Dart (safe; 9% risk of failure)
Confirm with . or Enter, or press ? or * to list all spells.
Aiming: Magic Dart (safe; 9% risk of failure)
Press: ? - help, Shift-Dir - straight line, f/p - spectral hobgoblin
Aim: a spectral hobgoblin (heavily damaged, 100% to hit)
The magic dart hits the spectral hobgoblin but does no damage.
The spectral hobgoblin is heavily damaged.
The spectral hobgoblin barely misses you.
Casting: Magic Dart (safe; 9% risk of failure)
Confirm with . or Enter, or press ? or * to list all spells.
Aiming: Magic Dart (safe; 9% risk of failure)
Press: ? - help, Shift-Dir - straight line, f/p - spectral hobgoblin
Aim: a spectral hobgoblin (heavily damaged, 100% to hit)
The magic dart hits the spectral hobgoblin.
The spectral hobgoblin is severely damaged.
The spectral hobgoblin closely misses you.
Casting: Magic Dart (safe; 9% risk of failure)
Confirm with . or Enter, or press ? or * to list all spells.
Aiming: Magic Dart (safe; 9% risk of failure)
Press: ? - help, Shift-Dir - straight line, f/p - spectral hobgoblin
Aim: a spectral hobgoblin (severely damaged, 100% to hit)
The magic dart hits the spectral hobgoblin but does no damage.
The spectral hobgoblin is severely damaged.
The spectral hobgoblin hits you.
* * * LOW HITPOINT WARNING * * *
Casting: Magic Dart (safe; 9% risk of failure)
Confirm with . or Enter, or press ? or * to list all spells.
Aiming: Magic Dart (safe; 9% risk of failure)
Press: ? - help, Shift-Dir - straight line, f/p - spectral hobgoblin
Aim: a spectral hobgoblin (severely damaged, 100% to hit)
The magic dart hits the spectral hobgoblin.
The spectral hobgoblin is almost destroyed.
The spectral hobgoblin hits you.
You die...

#+++# ..≈≈≈
.≈.≈.≈ ## ≈
≈...≈≈ ≈. ##≈≈
.≈≈≈###.# #.≈≈
≈≈≈.#≈#
8.#≈#####.8#.#
##≈≈≈≈≈≈##Z#≈#
.≈...≈≈≈..≈@.#
###.##.##.###
#.......#
#####.#####
#.....#
#.###.###
#.......#
#.###.#.##.#..
#.#...........


You could see a spectral hobgoblin.

Vanquished Creatures
  A bat (D:1)
  An endoplasm (D:1)
  A goblin (D:1)
  2 ball pythons (D:1)
  A frilled lizard (D:1)
6 creatures vanquished.

Notes
Turn   | Place    | Note
-------+----------+-------------------------------------------
     0 | D:1      | pokeman the Deep Elf Hedge Wizard began the quest for the
                  | Orb.
     0 | D:1      | Reached XP level 1. HP: 10/10 MP: 7/7
   313 | D:1      | Slain by a spectral hobgoblin

Illustrated notes

Levels and vault maps discovered:
D:1:      lightli_iron_boxes, layout_loops_corners,
          dreamdust_ecumenical_altar_drowned_temple

Action                   || total
-------------------------++-------
 Cast: Magic Dart        ||    19
Dodge: Dodged            ||     3

Table legend: (Time is in decaauts)
 A = Elapsed time spent in this place.
 B = Non-inter-level travel time spent in this place.
 C = Inter-level travel time spent in this place.
 D = Time resting spent in this place.
 E = Time spent auto-exploring this place.
 F = Levels seen in this place.
 G = Mean time per level.
                   A        B        C        D        E       F      G
               +--------+--------+--------+--------+--------+-----+--------+
         Total |    314 |    314 |      0 |      0 |    280 |   1 |  314.0 |
       Dungeon |    314 |    314 |      0 |      0 |    280 |   1 |  314.0 |
               +--------+--------+--------+--------+--------+-----+--------+

Top non-repeatable levels by time:
     D:1: 314 daAuts
